 Dungeon Crawl Stone Soup version 0.27.1-33-g824d729ab1 (webtiles) character file.

Game seed: 3860612429698834790

16869 Tirrikindir the Carver (level 12, 0/84 HPs)
             Began as an Octopode Fighter on Dec 25, 2021.
             Was a Believer of Ashenzari.
             Slain by an ice beast (4 damage)
             ... summoned by an ice statue
             ... in an ice cave on Dec 26, 2021.
             The game lasted 00:48:56 (18236 turns).

Tirrikindir the Carver (Octopode Fighter)          Turns: 18236, Time: 00:48:58

Health: 0/84       AC:  5    Str: 22    XL:     12   Next: 42%
Magic:  19/19      EV: 16    Int: 11    God:    Ashenzari [**....]
Gold:   996        SH: 16    Dex: 15    Spells: 20/21 levels left

rFire    . . .     SeeInvis +   a - +2 long sword
rCold    + . .     Faith    .   b - +4 kite shield of Star-Bound Wisdom {Melee, Elem} (curse)
rNeg     . . .     Spirit   .   (helmet restricted)
rPois    .         Reflect  .   h - amulet "Cursed With Me" {RegenMP, Alch, Range} (curse)
rElec    .         Harm     .   i - ring "Thunder Perfect Mind" {Fly, Range, Cun} (curse)
rCorr    .         Rampage  .   g - ring of the Fated Shame {rC+, Bglg, Evo} (curse)
Will     .....                  o - +6 ring of strength
Stlth    +++++.....             (no ring)
HPRegen  0.24/turn              (no ring)
MPRegen  0.41/turn              (no ring)
                                (no ring)
                                (no ring)

@: flying
A: almost no armour, amphibious, 8 rings, camouflage 1, gelatinous body 1,
(nimble swimmer 1), tentacles, iridescent scales 2, noise suppression
a: Renounce Religion, Curse Item, Shatter the Chains


You were in an ice cave.
You worshipped Ashenzari.
Ashenzari was pleased with you.
You visited 2 branches of the dungeon, and saw 12 of its levels.
You also visited: Ice Cave.

You collected 996 gold pieces.

Inventory:

Hand Weapons
 a - a +2 long sword (weapon)
 t - a +5 short sword
Missiles
 p - 2 throwing nets (quivered)
Armour
 b - the cursed +4 kite shield of Star-Bound Wisdom (worn) {Melee, Elem}

   It has a curse which improves the following skills: Melee Combat: Short
   Blades, Long Blades, Axes, Maces & Flails, Polearms, Staves and Unarmed
   Combat.
   Elements:  Fire Magic, Ice Magic, Air Magic and Earth Magic.
Jewellery
 g - the cursed ring of the Fated Shame (right tentacle) {rC+, Bglg, Evo}
   (You took it off a kobold on level 8 of the Dungeon)

   [ring of protection from cold]

   rC:        It protects you from cold.
   It has a curse which improves the following skills: Beguiling: Conjurations,
   Hexes and Translocations.
   Evocations: Evocations.
 h - the cursed amulet "Cursed With Me" (around mantle) {RegenMP, Alch, Range}
   (You found it on level 2 of the Dungeon)

   [amulet of magic regeneration]

   It increases your rate of magic regeneration.
   It has a curse which improves the following skills: Alchemy: Poison Magic and
   Transmutations.
   Ranged Combat: Slings, Bows, Crossbows and Throwing.
 i - the cursed ring "Thunder Perfect Mind" (left tentacle) {Fly, Range, Cun}
   (You found it on level 3 of the Dungeon)

   [ring of flight]

   Fly:       It grants you flight.
   It has a curse which improves the following skills: Ranged Combat: Slings,
   Bows, Crossbows and Throwing.
   Cunning:   Dodging and Stealth.
 o - a +6 ring of strength (on tentacle)
Wands
 k - a wand of digging (4)
 A - a wand of iceblast (14)
Scrolls
 c - 3 scrolls of immolation
 e - 6 scrolls of magic mapping
 m - 7 scrolls of teleportation
 n - a scroll of holy word
 q - a scroll of vulnerability
 v - 2 scrolls of fog
 x - a scroll of amnesia
 B - a scroll of enchant weapon
Potions
 d - a potion of lignification
 j - 2 potions of cancellation
 l - a potion of ambrosia
 r - a potion of brilliance
 u - a potion of magic


   Skills:
 * Level 8.4 Fighting
 * Level 10.8(12.1) Long Blades
 * Level 8.4(9.8) Dodging
 - Level 8.5(10.0) Stealth
 * Level 8.4 Shields
 - Level 5.0 Spellcasting
 - Level 4.2(5.6) Hexes
 - Level 5.0(6.5) Evocations


You had 20 spell levels left.
You knew the following spells:

 Your Spells              Type           Power      Damage    Failure   Level
a - Corona                Hex            16%        N/A       4%          1

Your spell library contained the following spells:

 Spells                   Type           Power      Damage    Failure   Level
 Tukima's Dance           Hex            15%        N/A       14%         3
 Ensorcelled Hibernation  Hex/Ice        18%        N/A       22%         2
 Blink                    Tloc           N/A        N/A       56%         2
 Static Discharge         Conj/Air       3%         N/A       56%         2
 Gell's Gravitas          Tloc           1%         N/A       80%         3
 Lesser Beckoning         Tloc           1%         N/A       80%         3
 Stone Arrow              Conj/Erth      6%         3d7       80%         3
 Teleport Other           Tloc           3%         N/A       80%         3
 Dispel Undead            Necr           2%         3d7       99%         4
 Sticky Flame             Conj/Fire      3%         2d3       99%         4
 Bolt of Magma            Conj/Fire/Erth 1%         4d4       100%        5
 Iskenderun's Battlesphe  Conj           3%         2d6       100%        5
 Manifold Assault         Tloc           3%         N/A       100%        5
 Iron Shot                Conj/Erth      1%         9d1       100%        6
 Spellforged Servitor     Conj/Summ      1%         N/A       100%        7
 Storm Form               Tmut/Air       1%         N/A       100%        7
 Shatter                  Erth           1%         3d6*      100%        9


Dungeon Overview and Level Annotations

Branches:
Dungeon (11/15)            Temple (1/1) D:6            Lair (0/6) D:10
    Orc (0/2) D:10          IceCv (1/1)

Altars:
Ashenzari
Cheibriados
Dithmenos
Elyvilon
Fedhas
Gozag
Hepliaklqana
Kikubaaqudgha
Makhleb
Nemelex Xobeh
Okawaru
Qazlal
Ru
Sif Muna
Trog
Uskayaw
Vehumet
Wu Jian
Xom
Yredelemnul
Zin
The Shining One

Shops:
D:6 :

Annotations:
D:8 2 transporters IceCv exclusion: 3 ice statues


Innate Abilities, Weirdness & Mutations

You cannot wear most types of armour.
You are amphibious.
You can wear up to eight rings at the same time.
Your skin changes colour to match your surroundings (Stealth+).
Your rubbery body absorbs attacks. (AC +1, EV +1)
((You are camouflaged near water. (Stealth+)))
You have tentacles for arms and can constrict up to eight enemies at once.
You are mostly covered in iridescent scales. (AC +4)
You passively dampen the noise of your surroundings.


Message History

The ice statue is lightly damaged.
The ice statue gestures at you. The freezing blast engulfs you! You resist.
The ice statue gestures.
You hit the ice statue but do no damage.
You squeeze the ice statue!
The ice statue is moderately damaged.
You are engulfed in freezing vapours.
You resist.
The ice statue gestures.
You hit the ice statue.
The ice statue is moderately damaged.
You are engulfed in freezing vapours.
You resist. You block the ice beast's attack.
The ice statue gestures.
You hit the ice statue. You squeeze the ice statue!
The ice statue is moderately damaged.
You are engulfed in freezing vapours.
You resist. The ice beast completely misses you.
You riposte.
You barely miss the ice beast. Your squeeze misses the ice beast.
Unknown command.
You hit the ice statue.
The ice statue is heavily damaged.
You are engulfed in freezing vapours.
You resist. You block the ice beast's attack.
The ice beast hits you but does no damage.
You hit the ice statue. You squeeze the ice statue.
The ice statue is heavily damaged.
You are engulfed in freezing vapours.
You resist. The ice statue gestures at you. The shard of ice hits you!!
You partially resist.
* * * LOW HITPOINT WARNING * * *
You block the ice beast's attack. The ice beast misses you.
The ice statue gestures at you. The freezing blast engulfs you! You resist.
* * * LOW HITPOINT WARNING * * *
The ice statue gestures. x2
The ice beast hits you.
* * * LOW HITPOINT WARNING * * *
The ice beast freezes you. You resist.
You die...

############# ######
##..°°8#(.[..## ##.....
,,
##...°Y○#(.....###......
,
#.Y..YY@#.......#.......
8....☼☼○☼☼.........∩..∩.
,
#.....☼.#.......#.......
*##...Y..#(.....###......
*, , ##8....#.[[..##
##..... #############
######


You could see 3 ice statues and 5 ice beasts.

Vanquished Creatures
  Harold (D:7)
  A catoblepas (D:8)
  2 two-headed ogres
  The ghost of barney the Transmogrifier, a novice DrTm (D:5)
  2 manticores (D:9)
  A moth of wrath (shapeshifter) (D:10)
  The ghost of zeram the Covert, a novice OpBr (D:5)
  Maurice (D:10)
  A gargoyle (D:8)
  A komodo dragon (D:8)
  A merfolk (D:9)
  A tengu conjurer (D:8)
  4 trolls
  A polar bear (shapeshifter) (D:8)
  The ghost of rozman the Insei, an amateur GnTm (D:5)
  The ghost of austinbyrn the Shield-Bearer, an amateur GrFi (D:5)
  The ghost of potato4science the Conjurer, an amateur DECj (D:5)
  A wraith (D:9)
  A vampire (D:9)
  10 yaks
  5 wyverns
  A hog (D:9)
  3 steam dragons
  4 vampire mosquitoes
  A harpy simulacrum (IceCv)
  An acid dragon (D:10)
  A water moccasin (D:7)
  9 orc warriors
  3 sky beasts
  8 black bears (D:9)
  A necrophage (D:6)
  2 ogres
  2 centaurs
  3 phantoms
  4 kobold brigands
  Blork the orc (D:4)
  7 bullfrogs
  A gnoll sergeant (D:9)
  A scorpion (D:4)
  5 killer bees (D:10)
  An elephant simulacrum (IceCv)
  5 wights (D:7)
  8 electric eels
  A centaur skeleton (D:7)
  2 jellies
  15 orc priests
  3 hounds
  Jessica (D:2)
  2 iguanas
  5 orc wizards
  A polar bear simulacrum (IceCv)
  A wolf simulacrum (IceCv)
  A killer bee zombie (D:7)
  A howler monkey zombie (D:8)
  Robin (D:2)
  12 gnolls
  6 adders
  A howler monkey skeleton (D:7)
  3 shadow imps
  13 white imps
  3 ufetubi
  4 worms
  3 dart slugs
  40 orcs
  10 ball pythons
  17 endoplasms
  8 giant cockroaches
  17 goblins
  7 hobgoblins
  3 jackals (D:2)
  23 kobolds
  3 quokkas
  10 bats
  7 frilled lizards
  7 rats
342 creatures vanquished.

Vanquished Creatures (collateral kills)
  A freezing wraith (IceCv)
  2 elephant simulacra (IceCv)
3 creatures vanquished.

Vanquished Creatures (others)
  An orc priest (D:6)
  An orc (D:6)
  51 plants (D:9)
53 creatures vanquished.

Grand Total: 398 creatures vanquished

Notes
Turn   | Place    | Note
-------+----------+-------------------------------------------
     0 | D:1      | Tirrikindir the Octopode Fighter began the quest for the
                  | Orb.
     0 | D:1      | Reached XP level 1. HP: 16/16 MP: 1/1
   123 | D:1      | Reached XP level 2. HP: 21/21 MP: 2/2
   158 | D:1      | Reached skill level 1 in Stealth
   251 | D:1      | Learned a level 1 spell: Corona
   609 | D:1      | Reached XP level 3. HP: 22/26 MP: 3/3
  1338 | D:2      | Found a radiant altar of Vehumet.
  1549 | D:2      | Reached XP level 4. HP: 18/31 MP: 3/5
  1681 | D:2      | Noticed Robin
  1687 | D:2      | Reached skill level 3 in Long Blades
  1702 | D:2      | Killed Robin
  1985 | D:2      | Found a faded altar of an unknown god.
  2068 | D:2      | Noticed Jessica
  2076 | D:2      | Killed Jessica
  2077 | D:2      | Reached skill level 1 in Spellcasting
  2077 | D:2      | Reached skill level 1 in Hexes
  2077 | D:2      | Reached XP level 5. HP: 34/36 MP: 6/6
  2850 | D:3      | Found an iron altar of Okawaru.
  3217 | D:3      | Gained mutation: You passively dampen the noise of your
                  | surroundings. [potion of mutation]
  3217 | D:3      | Gained mutation: You are partially covered in iridescent
                  | scales. (AC +2) [potion of mutation]
  3217 | D:3      | Gained mutation: You are mostly covered in iridescent
                  | scales. (AC +4) [potion of mutation]
  3230 | D:3      | Reached XP level 6. HP: 27/42 MP: 7/7
  3959 | D:3      | Noticed a sky beast
  3982 | D:3      | Killed a sky beast
  3983 | D:3      | Reached skill level 4 in Long Blades
  4447 | D:3      | Reached XP level 7. HP: 41/47 MP: 9/9
  4588 | D:4      | Noticed Blork the orc
  4596 | D:4      | Killed Blork the orc
  5005 | D:4      | Reached skill level 5 in Long Blades
  5036 | D:4      | Found a hide-covered altar of Uskayaw.
  5174 | D:5      | Entered Level 5 of the Dungeon
  5207 | D:5      | Found a runed translucent gate.
  5207 | D:5      | Noticed potato4science's ghost (amateur DECj)
  5209 | D:5      | Noticed barney's ghost (novice DrTm)
  5213 | D:5      | Found a runed translucent gate.
  5213 | D:5      | Noticed rozman's ghost (amateur GnTm)
  5214 | D:5      | Found a runed translucent gate.
  5214 | D:5      | Noticed austinbyrn's ghost (amateur GrFi)
  5214 | D:5      | Noticed zeram's ghost (novice OpBr)
  5447 | D:5      | Found a shimmering blue altar of Sif Muna.
  5762 | D:5      | Reached skill level 5 in Stealth
  5762 | D:5      | Reached XP level 8. HP: 20/54 MP: 11/11
  5764 | D:5      | Reached skill level 6 in Long Blades
  6120 | D:5      | Found a shadowy altar of Dithmenos.
  6610 | D:6      | Found a staircase to the Ecumenical Temple.
  6620 | D:6      | Reached skill level 7 in Long Blades
  6637 | Temple   | Entered the Ecumenical Temple
  6684 | Temple   | Became a worshipper of Ashenzari the Shackled
  7103 | D:6      | Found Kiext's Book Boutique.
  7708 | D:6      | Reached skill level 1 in Evocations
  7745 | D:7      | Reached skill level 8 in Long Blades
  7788 | D:7      | Found an ancient bone altar of Kikubaaqudgha.
  7806 | D:7      | Found an iron altar of Okawaru.
  7816 | D:7      | Reached XP level 9. HP: 25/58 MP: 12/12
  8036 | D:7      | Found a white marble altar of Elyvilon.
  8275 | D:7      | Found a hazy altar of Hepliaklqana.
  8283 | D:7      | Noticed Harold
  8301 | D:7      | Killed Harold
  8394 | D:7      | Reached skill level 5 in Fighting
  8637 | D:7      | Found a snail-covered altar of Cheibriados.
  8637 | D:7      | Found a burning altar of Makhleb.
  8638 | D:7      | Found a shimmering altar of Xom.
  8717 | D:7      | Reached skill level 5 in Dodging
  8717 | D:7      | Reached skill level 5 in Shields
  8917 | D:7      | Found a sparkling altar of Nemelex Xobeh.
  9150 | D:8      | Reached * piety under Ashenzari
  9336 | D:8      | Reached XP level 10. HP: 50/66 MP: 14/14
  9959 | D:8      | Found a transporter.
  9961 | D:8      | Found a transporter.
 10277 | D:8      | Noticed a gargoyle
 10281 | D:8      | Reached skill level 9 in Long Blades
 10297 | D:8      | Killed a gargoyle
 10965 | D:8      | Noticed a catoblepas
 10991 | D:8      | Killed a catoblepas
 11281 | D:9      | Found a shadowy altar of Dithmenos.
 11669 | D:9      | Reached XP level 11. HP: 62/74 MP: 16/16
 12207 | D:9      | Reached skill level 5 in Evocations
 12361 | D:9      | Noticed a manticore
 12378 | D:9      | Killed a manticore
 12661 | D:9      | Reached ** piety under Ashenzari
 12732 | D:9      | Noticed a two-headed ogre
 12743 | D:9      | Killed a two-headed ogre
 13354 | D:9      | Identified the +4 hunting sling of Eternal Vigilance
                  | {venom, Str+5 Dex-4}
 14187 | D:9      | Reached skill level 10 in Long Blades
 14798 | D:9      | Noticed a manticore
 14814 | D:9      | Killed a manticore
 15323 | D:10     | Entered Level 10 of the Dungeon
 15333 | D:10     | Found a blossoming altar of Fedhas.
 15388 | D:10     | Found a staircase to the Lair.
 15574 | D:10     | Found a staircase to the Orcish Mines.
 15901 | D:10     | Reached XP level 12. HP: 75/82 MP: 18/18
 16305 | D:10     | Found an opulent altar of Gozag.
 16394 | D:10     | Noticed Maurice
 16403 | D:10     | Killed Maurice
 16426 | D:10     | Noticed a two-headed ogre
 16438 | D:10     | Killed a two-headed ogre
 17055 | D:5      | Killed barney's ghost
 17062 | D:5      | Killed potato4science's ghost
 17072 | D:5      | Killed zeram's ghost
 17085 | D:5      | Killed rozman's ghost
 17095 | D:5      | Killed austinbyrn's ghost
 17096 | D:5      | Reached skill level 5 in Spellcasting
 17443 | D:11     | Found a frozen archway.
 17479 | IceCv    | Entered an ice cave
 17713 | IceCv    | Identified the +1 robe "Moupt" {rC+ Str+5}
 18236 | IceCv    | HP: 4/84 [ice beast[an ice statue] (1)]
 18236 | IceCv    | Slain by an ice beast

Illustrated notes

Levels and vault maps discovered:
D:1:      minmay_arrival_glassed_features, layout_loops_cross, minmay_unequal
D:2:      layout_basic, hellmonk_ecumenical_altar_heavens_door, basic_altar,
          minmay_randomly_rotated_circles, uniq_robin, uniq_jessica
D:3:      minmay_chambers_of_twos, layout_basic, okawaru_metal_pillars_1_2,
          minmay_misc_feat_iff, minmay_circle_x
D:4:      layout_basic, mainiacjoe_overflow_alcove_2, uniq_blork_the_orc
D:5:      layout_basic, mainiacjoe_overflow_surrounded_room,
          kennysheep_little_box, gammafunk_ghost_cemetery,
          minmay_misc_feat_tower
D:6:      layout_rooms, minmay_temple_entry_offerings, serial_shops,
          nicolae_shop_stone
D:7:      layout_basic, lemuel_crystal_altar,
          mainiacjoe_overflow_large_starburst,
          nicolae_overflow_quartered_altars, david_defended_altar_orc,
          uniq_harold
D:8:      minmay_diamond_stairs, layout_basic, gammafunk_ghost_abyssal_escape
D:9:      kennysheep_town
D:10:     layout_small_grid, mainiacjoe_overflow_cross_hatched,
          grunt_gozag_breadcrumbs, david_orc_3, uniq_maurice
D:11:     layout_irregular_city, portal_ice_cave_entry_imps, grunt_ministairs_2,
          uniq_psyche, uniq_fannar
Temple:   jpeg_temple_island
IceCv:    ice_cave_statue_garden_chambered

Skill      XL: |  1  2  3  4  5  6  7  8  9 10 11 12 |
---------------+-------------------------------------+-----
Stealth        | 1 2 3 5 6 7 8 |  8.5
Long Blades    | 3 4 5 8 9 10 | 10.8
Spellcasting   | 1 2 3 4 5 |  5.0
Hexes          | 1 2 3 4 |  4.2
Dodging        | 4 5 6 7 8 |  8.4
Shields        | 4 5 6 7 8 |  8.4
Fighting       | 4 5 6 7 8 |  8.4
Evocations     | 3 4 5 |  5.0

Action                   |  1- 3 |  4- 6 |  7- 9 | 10-12 || total
-------------------------+-------+-------+-------+-------++-------
Melee: Long sword        |    66 |   143 |   220 |   567 ||   996
       Constrict         |    12 |    39 |    52 |    78 ||   181
       Tentacles         |     8 |    30 |    65 |   174 ||   277
       Punch             |       |       |       |     1 ||     1
 Cast: Corona            |       |     4 |     3 |    35 ||    42
Invok: Curse Item        |       |       |     2 |     3 ||     5
       Shatter the Chain |       |       |     1 |       ||     1
Evoke: Wand              |       |       |     1 |    13 ||    14
  Use: Scroll            |     2 |     8 |     7 |     3 ||    20
       Potion            |       |     5 |     2 |     9 ||    16
 Stab: Sleeping          |    11 |     8 |    15 |    13 ||    47
       Distracted        |       |       |     1 |     1 ||     2
       Paralysed         |       |       |     3 |    12 ||    15
       Petrified         |       |       |       |     7 ||     7
Armor: Skin              |     6 |    50 |    23 |    67 ||   146
Dodge: Dodged            |    27 |    74 |   103 |   231 ||   435
Block: Kite shield       |    21 |    65 |   116 |   385 ||   587
       Rpst.: Long sword |     5 |    20 |    23 |    58 ||   106
